 Dungeon Crawl Stone Soup version 0.30.0-10-gfe55d96785 (webtiles) character file.

Game seed: 16402957747492205312

340 qw the Chopper (level 6, -5/38 HPs)
             Began as a Gargoyle Cinder Acolyte on May 16, 2023.
             Was an Elder of Ignis.
             Slain by Edmund
             ... wielding a +7 flail of protection
              (10 damage)
             ... on level 3 of the Dungeon.
             The game lasted 00:01:42 (2814 turns).

qw the Chopper (Gargoyle Cinder Acolyte)            Turns: 2814, Time: 00:01:42

Health: -5/38      AC: 22    Str: 19    XL:     6   Next: 56%
Magic:  7/7        EV:  7    Int: 13    God:    Ignis [****..]
Gold:   211        SH:  8    Dex:  9    Spells: 7/7 levels left

rFire   + . .        Y - -1 hand axe (flame)
rCold   + . .        g - +0 buckler
rNeg    + . .        m - +0 chain mail
rPois   inf          c - +0 helmet
rElec   +            p - scarf {repulsion}
rCorr   .            (no gloves)
SInv    .            d - +0 pair of boots
Will    +....        f - amulet of reflection Stlth
                     h - ring of willpower
HPRegen 0.26/turn    a - ring of protection from cold
MPRegen 0.10/turn

%: repel missiles, reflection
@: brilliant, fiery-armoured
A: sickness immunity, AC +4, negative energy resistance 1, electricity
resistance, torment resistance 1, petrification resistance, agile 1
a: Renounce Religion, Fiery Armour, Foxfire Swarm, Rising Flame


You were on level 3 of the Dungeon.
You worshipped Ignis.
Ignis was greatly pleased with you.
You visited 1 branch of the dungeon, and saw 4 of its levels.

You collected 211 gold pieces.


Innate Abilities, Weirdness & Mutations

You are immune to sickness and miasma.
Your stone body is resilient. (AC +4)
You are immune to poison.
You resist negative energy. (rN+)
You are resistant to electric shocks. (rElec)
You are resistant to unholy torment.
You are immune to petrification.
You are agile. (Dex +4, Str/Int -1)


   Skills:
 - Level 4.0 Fighting
 + Level 5.1 Axes
 - Level 3.0 Armour
 - Level 2.0 Shields
 - Level 1.0 Spellcasting
 - Level 3.0 Fire Magic


You had 7 spell levels left.
You didn't know any spells.
Your spell library contained the following spells:

 Spells                   Type           Power      Damage    Failure   Level
 Scorch                   Fire           24%        2d6       80%         2

Inventory:

Hand Weapons
 Y - a -1 hand axe of flaming (weapon)
Armour
 c - a +0 helmet (worn)
 d - a +0 pair of boots (worn)
 g - a +0 buckler (worn)
 m - a +0 chain mail (worn)
 p - a scarf of repulsion (worn)
Jewellery
 a - a ring of protection from cold (right hand)
 f - an amulet of reflection (around neck)
 h - a ring of willpower (left hand)
Scrolls
 j - a scroll of identify
Potions
 e - a potion of invisibility {unknown}
 i - a potion of heal wounds {unknown}
 k - a potion of mutation
 l - a potion of ambrosia {unknown}
 o - a potion of flight {unknown}
 q - a potion of lignification {unknown}

Dungeon Overview and Level Annotations

Branches:
Dungeon (4/15)
 Temple: D:4-7

Altars:
Qazlal

Annotations:
D:3 1 runed translucent door, Edmund; qw's ghost, amateur GrCA


Message History

You block the orc's attack.
Edmund hits you with a +7 flail of protection.
You hit Edmund but do no damage.
Edmund is moderately wounded.
You hit the orc. You burn the orc.
Edmund hits you with a +7 flail of protection.
The orc hits you but does no damage. The orc hits you with a +0 short sword.
You block Edmund's attack.
2807 ||| INVOKING Fiery Armour.
A protective cloak of flame settles atop you.
You block the orc's attack. Edmund hits you but does no damage.
Edmund is burned by your cloak of flames.
Edmund is moderately wounded.
You closely miss the orc.
The orc is heavily wounded.
You barely miss Edmund. You block the orc's attack. You block Edmund's attack.
You hit the orc but do no damage.
The orc is heavily wounded.
You barely miss Edmund. The orc hits you with a +0 short sword.
You block Edmund's attack.
You slash the orc! You burn the orc.
You kill the orc!
You closely miss Edmund. You block Edmund's attack.
You hit Edmund. You burn Edmund.
Edmund is moderately wounded.
Edmund hits you with a +7 flail of protection!
You hit Edmund but do no damage.
Edmund is moderately wounded.
Edmund hits you but does no damage.
Edmund is burned by your cloak of flames.
Edmund is heavily wounded.
You hit Edmund. You burn Edmund.
Edmund is heavily wounded.
You block Edmund's attack.
You hit Edmund but do no damage.
Edmund is heavily wounded.
Edmund hits you with a +7 flail of protection!
You die...

..#[# #.###.###.###.#.#.# <.#.#
#.# #.##......#.#.# ..#.# #.#
#.##........#.#### ....# #.#
#.##.............# .#..#
#.###.##..........##.# .#..#
#.#...##...#########.##### ##..#
#.#.####..................
....####.#......@)........#.#####
.............)..@..####...#.#
....##.#.......)..........#.#
######.#########...####...#.#
.......#...........# #...#.#
..####.#.#######(#.# #...#.#
..+.........# #.#.# #...#.#####
..####.#.##.##~#.#.# #..........
.......#.##.##?#.#.# #..##.##.##
..######.##.##~#.#.####..##.##.#


You could see Edmund.

Vanquished Creatures
  A phantom (D:2)
  An orc priest (D:3)
  An orc wizard (D:2)
  4 gnolls (D:2)
  7 adders
  A shadow imp (D:3)
  2 worms (D:3)
  2 dart slugs (D:1)
  7 orcs
  4 ball pythons
  7 endoplasms
  4 giant cockroaches
  10 goblins
  9 hobgoblins
  2 jackals (D:1)
  4 quokkas
  5 bats
  5 frilled lizards
  8 kobolds
  9 rats
93 creatures vanquished.

Notes
Turn   | Place    | Note
-------+----------+-------------------------------------------
     0 | D:1      | qw the Gargoyle Cinder Acolyte began the quest for the Orb.
     0 | D:1      | Reached XP level 1. HP: 14/14 MP: 2/2
     0 | D:1      | 0 ||| qw: Version: 0.2-a-94-gb5d2a68
     0 | D:1      | 0 ||| qw: Game counter: 59
     0 | D:1      | 0 ||| qw: Always use a shield: true
     0 | D:1      | 0 ||| qw: God list: Okawaru
     0 | D:1      | 0 ||| qw: Allow faded altars: false
     0 | D:1      | 0 ||| qw: Do Orc after D:15 true
     0 | D:1      | 0 ||| qw: Do second Lair branch before Depths: true
     0 | D:1      | 0 ||| qw: Lair rune preference: random
     0 | D:1      | 0 ||| qw: Plans: Normal
     0 | D:1      | 0 ||| PLANNING D:1-11
    84 | D:1      | Reached skill level 3 in Axes
    97 | D:1      | Found a faded altar of an unknown god.
   103 | D:1      | 103 ||| Stepping ~*~*~tactically~*~*~ (stealth).
   104 | D:1      | 104 ||| Stepping ~*~*~tactically~*~*~ (stealth).
   107 | D:1      | 107 ||| Stepping ~*~*~tactically~*~*~ (stealth).
   149 | D:1      | Reached XP level 2. HP: 19/19 MP: 3/3
   718 | D:1      | Reached XP level 3. HP: 23/23 MP: 4/4
   923 | D:1      | 923 ||| UPGRADING to +0 helmet.
   928 | D:1      | 928 ||| UPGRADING to +0 pair of boots.
   933 | D:1      | 933 ||| UPGRADING to +0 buckler.
   938 | D:1      | 938 ||| UPGRADING to amulet of reflection.
   943 | D:1      | 943 ||| UPGRADING to ring of willpower.
   944 | D:1      | 944 ||| READING scroll labelled KEUL KE BENADE.
   958 | D:1      | 958 ||| READING scroll labelled DEELLI FASHORCH.
   959 | D:1      | 959 ||| READING scroll labelled YBYNUA AJEROSK.
  1036 | D:2      | 1036 ||| Stepping ~*~*~tactically~*~*~ (hiding).
  1042 | D:2      | 1042 ||| INVOKING Fiery Armour.
  1052 | D:2      | Reached skill level 1 in Shields
  1053 | D:2      | Reached skill level 4 in Axes
  1057 | D:2      | Reached XP level 4. HP: 27/28 MP: 5/5
  1173 | D:2      | 1173 ||| Stepping ~*~*~tactically~*~*~ (stealth).
  1173 | D:2      | Noticed a phantom
  1192 | D:2      | 1192 ||| INVOKING Fiery Armour.
  1197 | D:2      | Killed a phantom
  1198 | D:2      | Reached skill level 5 in Axes
  1198 | D:2      | Reached XP level 5. HP: 11/32 MP: 6/6
  1219 | D:2      | 1219 ||| Stepping ~*~*~tactically~*~*~ (stealth).
  1236 | D:2      | 1236 ||| Stepping ~*~*~tactically~*~*~ (stealth).
  1237 | D:2      | 1237 ||| Stepping ~*~*~tactically~*~*~ (stealth).
  1238 | D:2      | 1238 ||| Stepping ~*~*~tactically~*~*~ (stealth).
  1239 | D:2      | 1239 ||| Stepping ~*~*~tactically~*~*~ (stealth).
  1240 | D:2      | 1240 ||| Stepping ~*~*~tactically~*~*~ (stealth).
  1241 | D:2      | 1241 ||| Stepping ~*~*~tactically~*~*~ (stealth).
  1244 | D:2      | 1244 ||| Stepping ~*~*~tactically~*~*~ (stealth).
  1245 | D:2      | 1245 ||| Stepping ~*~*~tactically~*~*~ (stealth).
  1246 | D:2      | 1246 ||| Stepping ~*~*~tactically~*~*~ (stealth).
  1393 | D:2      | 1393 ||| INVOKING Fiery Armour.
  1492 | D:2      | Reached skill level 1 in Armour
  1689 | D:2      | 1689 ||| UPGRADING to +0 chain mail.
  1699 | D:2      | 1699 ||| DROPPING +0 robe.
  1700 | D:2      | 1700 ||| UPGRADING to scarf of repulsion.
  1705 | D:2      | 1705 ||| UPGRADING to ring of protection from cold.
  1706 | D:2      | 1706 ||| DROPPING ring of wizardry.
  1707 | D:2      | 1707 ||| READING 2 scrolls labelled GICAOP TIBRI.
  1708 | D:2      | 1708 ||| READING scroll labelled INUWER JAISAC.
  1709 | D:2      | 1709 ||| READING scroll labelled MOUSTACSEAZO.
  1710 | D:2      | 1710 ||| DRINKING 2 cyan potions.
  1710 | D:2      | Gained mutation: You are agile. (Dex +4, Str/Int -1)
                  | [potion of mutation]
  1719 | D:3      | 1719 ||| STAIRDANCE
  1746 | D:3      | 1746 ||| STAIRDANCE
  1751 | D:2      | Reached XP level 6. HP: 32/37 MP: 7/7
  1776 | D:3      | 1776 ||| Stepping ~*~*~tactically~*~*~ (stealth).
  1778 | D:3      | 1778 ||| Stepping ~*~*~tactically~*~*~ (stealth).
  1781 | D:3      | 1781 ||| Stepping ~*~*~tactically~*~*~ (stealth).
  1782 | D:3      | 1782 ||| Stepping ~*~*~tactically~*~*~ (stealth).
  1843 | D:3      | 1843 ||| Stepping ~*~*~tactically~*~*~ (stealth).
  1845 | D:3      | 1845 ||| Stepping ~*~*~tactically~*~*~ (hiding).
  1905 | D:3      | Found a stormy altar of Qazlal.
  2049 | D:3      | Found a runed translucent door.
  2061 | D:3      | Noticed qw's ghost (amateur GrCA)
  2413 | D:3      | 2413 ||| INVOKING Fiery Armour.
  2472 | D:3      | Reached skill level 3 in Armour
  2773 | D:3      | 2773 ||| READING scroll labelled QUTOV YSYI.
  2774 | D:3      | 2774 ||| DRINKING 2 lumpy yellow potions.
  2775 | D:3      | 2775 ||| DROPPING potion of brilliance.
  2791 | D:4      | Noticed Edmund
  2801 | D:4      | 2801 ||| STAIRDANCE
  2807 | D:3      | 2807 ||| INVOKING Fiery Armour.
  2811 | D:3      | HP: 4/38 [Edmund/+7 flail of protection (11)]
  2814 | D:3      | Slain by Edmund

Levels and vault maps discovered:
D:1:      scummos_arrival_gate, layout_loops_ring,
          dreamdust_ecumenical_altar_statues
D:2:      layout_basic, serial_aquarium, aquarium_bridge_straight
          [aquarium_subvault_bridge, aquarium_subvault_window,
          aquarium_subvault_bridge, aquarium_subvault_window],
          aquarium_window_fake, aquarium_window_fake,
          aquarium_window_corridor_1, aquarium_window_1, aquarium_view_2b,
          aquarium_balcony_3b, minmay_ruptured
D:3:      cheibrodos_greedy_goblins, layout_basic,
          mainiacjoe_overflow_tiny_flanked, ebering_ghost_sewer_d,
          hangedman_decor_points
D:4:      layout_loops_ring, kennysheep_potato, uniq_natasha,
          uniq_crazy_yiuf_cottage, uniq_edmund

Skill      XL: |  1  2  3  4  5  6 |
---------------+-------------------+-----
Axes           | 3 4 5 |  5.1
Shields        | 1 2 |  2.0
Armour         | 2 3 |  3.0
Fighting       | 4 |  4.0
Spellcasting   | |  1.0
Fire Magic     | |  3.0

Action                     |  1- 3 |  4- 6 || total
---------------------------+-------+-------++-------
  Melee: Hand axe          |    89 |   172 ||   261
 Invoke: Fiery Armour      |     1 |     4 ||     5
    Use: Scroll            |     3 |     4 ||     7
         Potion            |       |     2 ||     2
 Armour: Robe              |    28 |    16 ||    44
         Chain mail        |       |    60 ||    60
  Dodge: Dodged            |    44 |    49 ||    93
  Block: Buckler           |     8 |    78 ||    86
         Reflection        |       |     1 ||     1

Table legend:
 A = Non-vault XP
 B = Vault XP
 C = Vault XP percentage of total XP
 D = Non-vault monster count
 E = Vault monster count
 F = Vault count percentage of total count
                 A         B        C        D         E       F
            +---------+---------+-------+---------+---------+-------
      Total |     465 |      22 |   4.5 |      81 |      12 |  12.9
            +---------+---------+-------+---------+---------+-------
        D:1 |      45 |       0 |   0.0 |      25 |       0 |   0.0
        D:2 |     280 |       5 |   1.8 |      30 |       3 |   9.1
        D:3 |     137 |      17 |  11.0 |      25 |       9 |  26.5
        D:4 |       3 |       0 |   0.0 |       1 |       0 |   0.0
            +---------+---------+-------+---------+---------+-------
